 Dungeon Crawl Stone Soup version 0.15.0-23-gc2b521c (console) character file.

289 gw the Cudgeler (level 6, -8/53 HPs)
             Began as a Minotaur Fighter on Sept 9, 2014.
             Was an Initiate of Trog.
             Mangled by Prince Ribbit (9 damage)
             ... on Level 4 of the Dungeon.
             The game lasted 00:02:33 (4139 turns).

gw the Cudgeler (Minotaur Fighter)                  Turns: 4139, Time: 00:02:33

HP  -8/53        AC 10     Str 21      XL: 6   Next:  9%
MP   3/3         EV  5     Int  5      God: Trog [......]
Gold 0           SH  9     Dex 11      Spells:  0 memorised,  5 levels left

rFire  . . .     SeeInvis .     a - +0 flail
rCold  . . .     Clarity  .     g - +0 chain mail
rNeg   . . .     rCorr    .     c - +0 shield
rPois  +         rRot     .     (helmet restricted)
rElec  .         Spirit   .     i - +0 cloak {rPois}
SustAb .         Warding  .     (no gloves)
rMut   .         Stasis   .     (no boots)
Gourm  .                        l - amulet of faith
MR     .....                    (no ring)
                                (no ring)

@: very slightly contaminated, hasted (expiring), very quick, not resistant to
hostile enchantments, extremely unstealthy
A: retaliatory headbutt, horns 2
a: Burn Spellbooks, Renounce Religion


You were on level 4 of the Dungeon.
You worshipped Trog.
Trog was noncommittal.
You were not hungry.

You visited 1 branch of the dungeon, and saw 4 of its levels.

Inventory:

Hand weapons
 a - a +0 flail (weapon)
Missiles
 f - 79 stones (quivered)
 o - 7 tomahawks
Armour
 c - a +0 shield (worn)
 g - a +0 chain mail (worn)
 i - a +0 cloak of poison resistance (worn)
Magical devices
 q - a wand of hasting (4)
Comestibles
 b - a chunk of hobgoblin flesh
 d - 3 bread rations
 j - a meat ration
Scrolls
 k - 3 scrolls of identify
Jewellery
 l - an amulet of faith (around neck)
Potions
 h - 2 potions of curing


   Skills:
 + Level 4.6 Fighting
 * Level 5.2 Maces & Flails
 + Level 2.0 Throwing
 + Level 4.6 Armour
 + Level 4.5 Shields


You had 5 spell levels left.
You didn't know any spells.

Dungeon Overview and Level Annotations

Branches:
Dungeon (4/15)
 Temple: D:4-7

Altars:
Ashenzari
Fedhas
Nemelex Xobeh
Sif Muna
Trog
Yredelemnul

Annotations:
D:4 Prince Ribbit


Innate Abilities, Weirdness & Mutations

You reflexively headbutt those who attack you in melee.
You have a pair of horns on your head.


Message History

You closely miss Prince Ribbit.
Prince Ribbit is almost dead.
Prince Ribbit hits you but does no damage.
FLEEEEING!
ATTACKING (0,1)
You closely miss Prince Ribbit.
Prince Ribbit is almost dead.
Prince Ribbit hits you!
FLEEEEING!
ATTACKING (0,1) Prince Ribbit momentarily phases out as your attack passes through him.
Prince Ribbit is almost dead.
Your extra speed is starting to run out.
Prince Ribbit barely misses you.
FLEEEEING!
ATTACKING (0,1)
You miss Prince Ribbit.
Prince Ribbit is almost dead.
Prince Ribbit hits you!
You die...

# ## ### # ## ## .. #.###
#..# ##.# ##.# #..##
#...### #H.# ##.# #....
..#....##F#####..# #.($#
......?...g(......##
##...#
#.>..#............###....#
#.......................#
#......#....###..###....#
#.(....#...## #.## ####..
##....##...# #.# #..
#..... #..## #.# ...


You could see Prince Ribbit and a hobgoblin.

Table legend:
 A = Turns spent in this place as a percentage of turns spent in the entire game.
 B = Non-inter-level travel turns spent in this place as a percentage of non-inter-level travel turns spent in the entire game.
 C = Inter-level travel turns spent in this place as a percentage of turns spent in this place.
 D = Turns resting spent in this place as a percentage of non-inter-level travel turns spent in this place.
 E = Turns spent auto-exploring this place as a percentage of non-inter-level travel turns spent in this place.
 F = Non-inter-level travel turns spent in this place divided by the number of levels of this place that you've seen.
                   A       B       C       D       E      F
               +-------+-------+-------+-------+-------+----------------------
         Total | 100.0 | 100.0 |   1.1 |   4.3 |  12.7 | 311.8
       Dungeon | 100.0 | 100.0 |   1.1 |   4.3 |  12.7 | 311.8
               +-------+-------+-------+-------+-------+----------------------

Table legend:
 A = Kills in this place as a percentage of kills in entire the game.
 B = Kills by you in this place as a percentage of kills by you in the entire game.
 C = Kills by friends in this place as a percentage of kills by friends in the entire game.
 D = Other kills in this place as a percentage of other kills in the entire game.
 E = Experience gained in this place as a percentage of experience gained in the entire game.
 F = Experience gained in this place divided by the number of levels of this place that you have seen.
                   A       B       C       D       E      F
               +-------+-------+-------+-------+-------+----------------------
         Total | 100.0 | 100.0 |  -nan |  -nan | 100.0 | 103.5
       Dungeon | 100.0 | 100.0 |  -nan |  -nan | 100.0 | 103.5
               +-------+-------+-------+-------+-------+----------------------

Vanquished Creatures
  An orc priest (D:3)
  10 gnolls
  6 adders
  2 worms (D:2)
  3 giant geckos
  An ooze (D:1)
  7 orcs (D:3)
  A ball python (D:4)
  5 goblins
  11 hobgoblins
  2 jackals (D:2)
  11 bats
  5 giant cockroaches
  5 giant newts
  8 kobolds
  A quokka (D:2)
  13 rats
92 creatures vanquished.

Notes
Turn   | Place    | Note
--------------------------------------------------------------
     0 | D:1      | gw, the Minotaur Fighter, began the quest for the Orb.
     0 | D:1      | Reached XP level 1. HP: 19/19 MP: 1/1
   203 | D:1      | Reached XP level 2. HP: 24/27 MP: 1/1
   378 | D:1      | Reached skill level 1 in Throwing
   843 | D:1      | Reached XP level 3. HP: 33/33 MP: 2/2
  1025 | D:2      | Found a sparkling altar of Nemelex Xobeh.
  1403 | D:2      | Reached skill level 4 in Fighting
  1540 | D:2      | Reached XP level 4. HP: 40/40 MP: 2/2
  2119 | D:2      | Found a blossoming altar of Fedhas.
  2715 | D:3      | Reached XP level 5. HP: 35/46 MP: 2/2
  3012 | D:3      | Reached skill level 5 in Maces & Flails
  3116 | D:3      | Found a bloodstained altar of Trog.
  3128 | D:3      | Became a worshipper of Trog the Wrathful
  3443 | D:3      | Found a deep blue altar of Sif Muna.
  3581 | D:4      | Found a shattered altar of Ashenzari.
  3628 | D:4      | Found a basalt altar of Yredelemnul.
  3663 | D:4      | Reached XP level 6. HP: 19/53 MP: 3/3
  4093 | D:4      | Noticed Prince Ribbit
  4137 | D:4      | HP: 1/53 [Prince Ribbit (8)]
  4139 | D:4      | Mangled by Prince Ribbit

Action                   |  1- 3 |  4- 6 || total
-------------------------+-------+-------++-------
Melee: Flail             |   111 |   137 ||   248
Throw: Stone             |   115 |    58 ||   173
Evoke: Wand              |       |     2 ||     2
  Use: Potion            |     1 |     7 ||     8
       Scroll            |     1 |     3 ||     4
  Eat: Chunk             |     2 |     9 ||    11

Vault maps used:
D:1:      evilmike_arrival_hilbert_curve
D:2:      lemuel_coloured_pillars_altar, old_standard_altar, hex_intersection,
          dk_noncrumbling_1, minmay_bisected
D:3:      old_standard_altar, lemuel_blue_sif_altar, first_bread
D:4:      lemuel_round_altar, kennysheep_mini_moat, cheibrodos_ashenzari_chains,
          kennysheep_little_box, lemuel_angel_altar, uniq_prince_ribbit1
